 Dungeon Crawl Stone Soup version 0.31-a0-844-gdc52ec4e09 (webtiles) character file.

Game seed: 3690935614798691614

49 mcwallace the Ducker (level 3, -1/28 HPs)
             Began as a Vampire Gladiator on Sept 29, 2023.
             Killed by divine providence
             ... invoked by an orc priest
              (14 damage)
             ... on level 3 of the Dungeon.
             The game lasted 00:01:52 (2012 turns).

mcwallace the Ducker (Vampire Gladiator)            Turns: 2012, Time: 00:01:52

Health: -1/28      AC:  4    Str: 13    XL:     3   Next: 53%
Magic:  3/3        EV: 13    Int: 10    God:
Gold:   92         SH:  0    Dex: 17    Spells: 2/2 levels left

rFire   . . .        a - +0 rapier {short}
rCold   . . .        (no shield)
rNeg    . . .        b - +0 leather armour
rPois   .            c - +0 helmet
rElec   .            (no cloak)
rCorr   .            (no gloves)
SInv    +            (no boots)
Will    .....        (no amulet)
Stlth   ++           (no ring)
HPRegen 0.44/turn    (no ring)
MPRegen 0.08/turn

%: no passive effects
@: healing quickly
A: alive, fangs 3, see invisible, vampiric 2
a: Exsanguinate


You were on level 3 of the Dungeon.
You visited 1 branch of the dungeon, and saw 3 of its levels.

You collected 92 gold pieces.


Innate Abilities, Weirdness & Mutations

Your natural rate of healing is accelerated.
You have razor-sharp teeth.
You have supernaturally acute eyesight. (SInv)
You are afflicted with vampirism and can become a bat while bloodless.


   Skills:
 + Level 2.3 Fighting
 + Level 3.7 Short Blades
 - Level 1.5 Throwing
 + Level 3.8 Dodging
 + Level 2.5 Stealth


You had 2 spell levels left.
You didn't know any spells.
Your spell library was empty.

Inventory:

Hand Weapons
 a - a +0 rapier (weapon) {short}
Missiles
 d - 2 throwing nets (quivered) {=f!fthrowing}
 g - 21 stones {throwing}
Armour
 b - a +0 leather armour (worn)
 c - a +0 helmet (worn)
 j - a +0 robe
   (You found it on level 1 of the Dungeon)
 l - a +0 ring mail
   (You found it on level 1 of the Dungeon)
 n - a +0 robe
   (You found it on level 2 of the Dungeon)
 r - a +0 leather armour
   (You found it on level 3 of the Dungeon)
 s - a +0 plate armour
   (You found it on level 3 of the Dungeon)
Talismans
 q - a beast talisman
   (You found it on level 2 of the Dungeon)
Scrolls
 f - a scroll of enchant weapon {unknown}
 i - a scroll of fog {unknown}
 m - a scroll of teleportation {unknown}
 p - a scroll of blinking {unknown}
Potions
 h - a potion of resistance {unknown}
 k - a potion of invisibility {unknown}
 o - 2 potions of ambrosia {unknown}

Dungeon Overview and Level Annotations

Branches:
Dungeon (3/15) Zot: 15984

Altars:

#.### ###.# .
###.#.. ..#.# .
#.....# #.#.########
#.....# #.#.........
#.....# #.#.........
#.....###...........
#..............###..
#...................
###@#...............
#o#.......######..
#o#.####### ##.
#o#.. .. #.#.. ...
#.#... #.#... #(# .


You could see an orc priest, an orc wizard (invisible, caught) and an orc.


Message History

No target in view!
No target in view!
No target in view!
No target in view!
g - 16 stones {throwing} (gained 4)
A goblin comes into view. It is wielding a +0 club.
A goblin is nearby!
A goblin is nearby!
A goblin is nearby!
The helpless goblin fails to defend itself.
You puncture the goblin!
You kill the goblin!
No target in view!
No target in view!
No target in view!
A kobold comes into view. It is wielding a +0 short sword.
A kobold is nearby!
A kobold is nearby!
A kobold is nearby!
A kobold is nearby!
The kobold shouts!
The kobold throws a stone.
The stone hits you but does no damage.
You see here a ruby potion.
A ball python comes into view.
The ball python hisses angrily.
You barely miss the ball python. The ball python misses you.
The ball python closely misses you.
The kobold throws a stone.
The stone closely misses you.
You puncture the ball python!
You kill the ball python!
The kobold hits you but does no damage.
You barely miss the kobold. The kobold closely misses you.
You hit the kobold. The kobold closely misses you.
You hit the kobold but do no damage. The kobold misses you.
You hit the kobold. The kobold hits you but does no damage.
A kobold is nearby!
You hit the kobold.
You kill the kobold! 😎 HP[+1]
You now have 28 max hp (+1).
Your hp is fully restored (28).
g - 21 stones {throwing} (gained 5)
Things that are here:
a +0 short sword {short}; a kobold corpse
o - 2 ruby potions (gained 1) Key pressed, stopping explore.
No target in view!
Key pressed, stopping explore.
No target in view!
You now have 92 gold pieces (gained 14).
Found a stone staircase leading down.
You open the door.
An orc wizard, 2 orcs and an orc priest come into view.
An orc is wielding a +0 whip and wearing a +1 scale mail of fire resistance.
There are monsters nearby!
There are monsters nearby!
The orc priest shouts!
The orc shouts!
The orc misses you.
The orc wizard shouts!
There is an open door here.
You hit the orc. Your bite misses the orc.
The orc priest miscasts a cantrip.
The orc misses you.
You hit the orc. The orc hits you but does no damage.
The orc wizard casts a spell.
The orc wizard flickers and vanishes for a moment.
You barely miss the orc. You bite the orc, but do no damage.
The orc closely misses you.
You barely miss the orc. The orc hits you but does no damage.
You hit the orc.
You kill the orc!
The orc priest invokes the aid of Beogh against you.
Beogh smites you!
Ouch! That really hurt!
* * * LOW HITPOINT WARNING * * *
😨 HP[-17]
You take 17 damage, and now have 11/28 hp.
MASSIVE DAMAGE!! (PAUSE) Throw: javelin {throwing}
Press: ? - help, Shift-Dir - straight line, f - orc priest
Aim: an orc priest, wielding a +0 dagger and wearing a +0 scale mail (61% to hit)
You throw a javelin {throwing}.
The javelin {throwing} closely misses the orc wizard.
The javelin {throwing} pierces through the orc.
The javelin {throwing} pierces through the orc priest.
The orc priest calls upon Beogh to heal the orc.
The orc is healed somewhat.
The orc wizard hits you but does no damage. 😨 HP[+1] Throw: 3 throwing nets {=f!fthrowing}
Press: ? - help, Shift-Dir - straight line, f/p - orc priest
Aim: an orc priest, wielding a +0 dagger and wearing a +0 scale mail (heavily wounded, 61% to hit)
You throw a throwing net {=f!fthrowing}.
The throwing net {=f!fthrowing} hits the orc wizard.
The orc wizard is caught in the net!
The orc wizard struggles against the net.
You hit the orc wizard.
The orc priest mumbles some strange prayers to Beogh against you.
Beogh smites you!
Ouch! That really hurt!
You die...

Skill      XL: |  1  2 |
---------------+-------+-----
Stealth        | 1 2 |  2.5
Fighting       | 2 |  2.3
Short Blades   | |  3.7
Throwing       | |  1.5
Dodging        | |  3.8

Action                     || total
---------------------------++-------
  Melee: Rapier            ||    88
         Bite              ||    10
         Punch             ||     1
  Throw: Javelin           ||     1
         Throwing net      ||     1
   Stab: Sleeping          ||     6
 Armour: Leather armour    ||    36
  Dodge: Dodged            ||    65

Levels and vault maps discovered:
D:1:      dpeg_arrival_three_same_balls, layout_basic
D:2:      layout_basic, serial_co_window_serial, co_window_paths_a,
          co_window_paths_a, co_window_paths_a, co_window_of_opportunity_a,
          co_window_paths_a, co_window_broadway_b, co_window_of_opportunity_b,
          co_window_2corner, co_window_corner_b, glass_columns_c,
          glass_columns_b, glass_columns_c, glass_columns_a
D:3:      layout_basic, grunt_temple_overflow_holy_war

Notes
Turn   | Place    | Note
-------+----------+-------------------------------------------
     0 | D:1      | mcwallace the Vampire Gladiator began the quest for the
                  | Orb.
     0 | D:1      | Reached XP level 1. HP: 16/16 MP: 1/1
     0 | D:1      | magus.rc [v1.9.6]
   215 | D:1      | Reached skill level 1 in Stealth
   236 | D:1      | Reached skill level 2 in Fighting
   482 | D:1      | Reached XP level 2. HP: 22/22 MP: 2/2
   934 | D:2      | Reached skill level 2 in Stealth
  1091 | D:2      | Gained mutation: You are afflicted with vampirism and can
                  | become a bat while bloodless. [Vampire growth]
  1091 | D:2      | Reached XP level 3. HP: 25/27 MP: 3/3
  2012 | D:3      | Killed from afar by an orc priest

Vanquished Creatures
  2 adders (D:2)
  A dart slug (D:2)
  An orc (D:3)
  2 bats
  2 endoplasms
  3 hobgoblins
  3 ball pythons
  3 frilled lizards
  3 goblins
  5 kobolds
  6 rats
31 creatures vanquished.

Table legend:
 A = Non-vault XP
 B = Vault XP
 C = Vault XP percentage of total XP
 D = Non-vault monster count
 E = Vault monster count
 F = Vault count percentage of total count
                 A         B        C        D         E       F
            +---------+---------+-------+---------+---------+-------
      Total |      71 |       0 |   0.0 |      31 |       0 |   0.0
            +---------+---------+-------+---------+---------+-------
        D:1 |      13 |       0 |   0.0 |       9 |       0 |   0.0
        D:2 |      51 |       0 |   0.0 |      18 |       0 |   0.0
        D:3 |       7 |       0 |   0.0 |       4 |       0 |   0.0
            +---------+---------+-------+---------+---------+-------

Skill      XL: |  1  2 |
---------------+-------+-----
Stealth        | 1 2 |  2.5
Fighting       | 2 |  2.3
Short Blades   | |  3.7
Throwing       | |  1.5
Dodging        | |  3.8

Action                     || total
---------------------------++-------
  Melee: Rapier            ||    88
         Bite              ||    10
         Punch             ||     1
  Throw: Javelin           ||     1
         Throwing net      ||     1
   Stab: Sleeping          ||     6
 Armour: Leather armour    ||    36
  Dodge: Dodged            ||    65

Illustrated notes

Table legend:
 A = Kills in this place as a percentage of kills in the entire game.
 B = Kills by you in this place as a percentage of kills by you in the entire game.
 C = Kills by friends in this place as a percentage of kills by friends in the entire game.
 D = Other kills in this place as a percentage of other kills in the entire game.
 E = Experience gained in this place as a percentage of experience gained in the entire game.
 F = Experience gained in this place divided by the number of levels of this place that you have seen.
                   A       B       C       D       E      F
               +-------+-------+-------+-------+-------+----------------------
         Total | 100.0 | 100.0 |   N/A |   N/A | 100.0 |  23.7
       Dungeon | 100.0 | 100.0 |   N/A |   N/A | 100.0 |  23.7
               +-------+-------+-------+-------+-------+----------------------

Table legend: (Time is in decaauts)
 A = Elapsed time spent in this place.
 B = Non-inter-level travel time spent in this place.
 C = Inter-level travel time spent in this place.
 D = Time resting spent in this place.
 E = Time spent auto-exploring this place.
 F = Levels seen in this place.
 G = Mean time per level.
                   A        B        C        D        E       F      G
               +--------+--------+--------+--------+--------+-----+--------+
         Total |   2014 |   1929 |     85 |      0 |   1700 |   3 |  671.3 |
       Dungeon |   2014 |   1929 |     85 |      0 |   1700 |   3 |  671.3 |
               +--------+--------+--------+--------+--------+-----+--------+

Top non-repeatable levels by time:
     D:2: 1280 daAuts
     D:1: 620 daAuts
     D:3: 114 daAuts
